 Dungeon Crawl Stone Soup version 0.22.0-38-g04b72b8 (webtiles) character file.

67 Marcoleric the Covered (level 4, 0/29 HPs)
             Began as a Gargoyle Fighter on Aug 29, 2018.
             Slain by a hobgoblin (4 damage)
             ... led by Robin
             ... on level 3 of the Dungeon.
             The game lasted 00:08:07 (1933 turns).

Marcoleric the Covered (Gargoyle Fighter)           Turns: 1933, Time: 00:08:08

Health: 0/29       AC: 10    Str: 25    XL:     4   Next: 16%
Magic:  4/4        EV:  7    Int:  9    God:
Gold:   108        SH: 11    Dex: 12    Spells: 3/3 levels left

rFire    . . .     SeeInvis .   a - +0 flail
rCold    . . .     Gourm    .   c - +1 shield
rNeg     + . .     Faith    .   b - +0 scale mail
rPois    ∞         Spirit   .   (no helmet)
rElec    +         Reflect  .   (no cloak)
rCorr    .         Harm     .   (no gloves)
MR       .....                  (no boots)
Stlth    ..........             (no amulet)
HPRegen  0.09/turn              i - +3 ring of dexterity
MPRegen  0.09/turn              (no ring)

@: mighty
A: negative energy resistance 1, electricity resistance, unbreathing,
petrification resistance, rot immunity, AC +3
a: no special abilities


You were on level 3 of the Dungeon.
You were not hungry.

You visited 1 branch of the dungeon, and saw 3 of its levels.

You collected 108 gold pieces.

Inventory:

Hand Weapons
 a - a +0 flail (weapon)
Armour
 b - a +0 scale mail (worn)
 c - a +1 shield (worn)
Jewellery
 i - a +3 ring of dexterity (left hand)
 j - an uncursed amulet of harm {unknown}
Comestibles
 f - 4 rations


   Skills:
 + Level 3.7 Fighting
 + Level 2.4 Maces & Flails
 + Level 4.0 Armour
 + Level 0.1 Dodging
 + Level 0.3 Stealth
 + Level 4.0 Shields


You had 3 spell levels left.
You didn't know any spells.
Your spell library was empty.

Dungeon Overview and Level Annotations

Branches:
Dungeon (3/15)

Altars:
Fedhas

Annotations:
D:3 Robin


Innate Abilities, Weirdness & Mutations

You are resistant to torment.
Your stone body is resilient. (AC +3)
You are immune to poison.
You resist negative energy. (rN+)
You are resistant to electric shocks. (rElec)
You can survive without breathing.
You are immune to petrification.
You are immune to rotting.


Message History

Robin roars a battlecry!
The hobgoblin goes into a battle-frenzy!
You block the hobgoblin's attack.
You closely miss the goblin. You block the goblin's attack.
The goblin hits you but does no damage. You block the goblin's attack.
You block the hobgoblin's attack.
Robin zaps a wand.
Some rock shatters into small pieces.
The hobgoblin closely misses you. The goblin hits you but does no damage.
You closely miss the goblin. The goblin hits you but does no damage.
You block the hobgoblin's attack. The goblin hits you but does no damage.
The hobgoblin hits you.
The goblin hits you but does no damage. x2
The hobgoblin hits you but does no damage.
The goblin hits you but does no damage.
You barely miss the goblin.
The goblin no longer looks unusually strong.
You block the hobgoblin's attack. You block the goblin's attack.
The goblin hits you but does no damage. Robin hits you with an enchanted club.
* * * LOW HITPOINT WARNING * * *
The goblin hits you but does no damage. The hobgoblin hits you.
You die...

#..... .
#.##.## #.#
#.....###...#
#)...#.......
#...)........
#............
##g....#.#.#..
#ggg...#.# #
#@gK..#.#
#gg......
#.###.#.# #.#
#.#... .. #.#
#.# ## ... #.#
#.#####.##.
#.#
#.#........
#.# #.........
#.###.#.......


You could see Robin, 3 hobgoblins, 3 goblins and a kobold.

Vanquished Creatures
  2 adders
  An ooze (D:1)
  A leopard gecko (D:2)
  A giant cockroach (D:1)
  13 goblins
  7 hobgoblins
  2 quokkas (D:2)
  A ball python (D:1)
  2 bats (D:1)
  3 frilled lizards
  3 kobolds
  5 rats
41 creatures vanquished.

Notes
Turn   | Place    | Note
-------+----------+-------------------------------------------
     0 | D:1      | Marcoleric the Gargoyle Fighter began the quest for the Orb.
     0 | D:1      | Reached XP level 1. HP: 14/14 MP: 1/1
   139 | D:1      | Reached XP level 2. HP: 19/19 MP: 2/2
   997 | D:2      | Reached XP level 3. HP: 24/24 MP: 3/3
  1838 | D:3      | Reached XP level 4. HP: 27/29 MP: 4/4
  1854 | D:3      | Found a blossoming altar of Fedhas.
  1903 | D:3      | Noticed Robin
  1933 | D:3      | Slain by a hobgoblin

Skill      XL: |  1  2  3  4 |
---------------+-------------+-----
Armour         | 4 |  4.0
Shields        | 4 |  4.0
Fighting       | |  3.7
Maces & Flails | |  2.4
Dodging        | |  0.1
Stealth        | |  0.3

Action                   |  1- 3 |  4- 6 || total
-------------------------+-------+-------++-------
Melee: Flail             |   135 |    25 ||   160
  Use: Scroll            |     5 |     2 ||     7
       Potion            |     5 |     3 ||     8
  Eat: Ration            |     1 |       ||     1
Armor: Scale mail        |    69 |    54 ||   123
Dodge: Dodged            |    46 |    22 ||    68
Block: Shield            |    74 |    52 ||   126
